 Dungeon Crawl Stone Soup version 0.23.2-30-g0e89c35649 (webtiles) character file.

Game seed: 1226024415451759840

52 DildoBatman the Magician (level 4, 0/30 HPs)
             Began as a Formicid Wizard on June 18, 2019.
             Slain by a centaur zombie (2 damage)
             ... on level 3 of the Dungeon.
             The game lasted 00:03:59 (1431 turns).

DildoBatman the Magician (Formicid Wizard)          Turns: 1431, Time: 00:03:59

Health: 0/30       AC:  2    Str: 12    XL:     4   Next: 8%
Magic:  6/8        EV: 12    Int: 18    God:
Gold:   45         SH:  0    Dex:  9    Spells: 2/9 levels left

rFire    . . .     SeeInvis +   c - +0 short sword
rCold    . . .     Gourm    .   (no shield)
rNeg     . . .     Faith    .   a - +0 robe
rPois    .         Spirit   .   (helmet unavailable)
rElec    .         Reflect  .   (no cloak)
rCorr    .         Harm     .   (no gloves)
MR       .....                  (no boots)
Stlth    ++........             (no amulet)
HPRegen  0.10/turn              (no ring)
MPRegen  0.11/turn              (no ring)

@: no status effects
A: permanent stasis, dig shafts and tunnels, four strong arms, antennae 3
a: Dig, Shaft Self


You were on level 3 of the Dungeon.
You were not hungry.

You visited 1 branch of the dungeon, and saw 4 of its levels.

You collected 45 gold pieces.

Inventory:

Hand Weapons
 c - a +0 short sword (weapon)
 g - a +0 club
Missiles
 b - 66 stones (quivered)
Armour
 a - a +0 robe (worn)
Scrolls
 e - a scroll of identify {unknown}
 h - 2 scrolls of fog {unknown}
 n - a scroll of enchant armour {unknown}
 o - a scroll of immolation {unknown}
 p - a scroll of teleportation {unknown}
Potions
 d - 2 potions of brilliance {unknown}
 f - 2 potions of curing {unknown}
 i - a potion of degeneration {unknown}
 j - a potion of flight {unknown}
 k - a potion of berserk rage {unknown}
 l - a potion of heal wounds {unknown}
 q - a potion of agility {unknown}
Comestibles
 v - 2 rations


   Skills:
 - Level 1.7 Dodging
 - Level 2.4 Stealth
 - Level 3.2 Spellcasting
 * Level 3.2 Conjurations
   Level 1.0 Summonings
   Level 0.8 Translocations


You had 2 spell levels left.
You knew the following spells:

 Your Spells              Type           Power        Failure   Level  Hunger
a - Conjure Flame         Conj/Fire      #.......     24%         3    ###....
c - Magic Dart            Conj           ##..         4%          1    None
e - Mephitic Cloud        Conj/Pois/Air  #.......     30%         3    ###....

Your spell library contained the following spells:

 Spells                   Type           Power        Failure   Level  Hunger
 Call Imp                 Summ           #.......     16%         2    ##.....
 Slow                     Hex            #.......     24%         2    ##.....
 Blink                    Tloc           Unusable     N/A         2    N/A

Dungeon Overview and Level Annotations

Branches:
Dungeon (4/15)
 Temple: D:4-7

Altars:
Ashenzari

Annotations:
D:4 exclusion: worker ant, Eustachio, Grinder, Menkaure


Innate Abilities, Weirdness & Mutations

You cannot be hasted, slowed, berserked, paralysed or teleported.
You can dig through walls and to a lower floor.
Your four strong arms can wield two-handed weapons with a shield.
You have a pair of large antennae on your head. (SInv)


Message History

The centaur zombie hits you.
An adder comes into view.
What are your orders? t - Shout!
Orders for allies: a - Attack new target. r - Retreat! s - Stop attacking. g - Guard the area. f - Follow me.
Anything else - Cancel.
You shout for attention!
You hear a shout!
The centaur zombie hits you. What are your orders? t - Shout!
Orders for allies: a - Attack new target. r - Retreat! s - Stop attacking. g - Guard the area. f - Follow me.
Anything else - Cancel.
You shout for attention!
The centaur zombie hits you.
You die...

##### #####
#...####...###### ##
#...............####.#
...>.......####.....#
.#.#.รท####.# ####.##
.#.#..####.# ##.##
........##.# #@##
..#...#.##.# ##Z#
..#........# #o#
.....##.####### #o#
.....##.#.....# #o#
#.#..##.#.....# {..#
..#)..#.......# o.#
####..###.....# { .#
......###.....##.#


You could see 2 orc priests, an orc wizard, an orc and a centaur zombie.

Vanquished Creatures
  2 adders
  An ooze (D:3)
  A dart slug (D:1)
  A leopard gecko (D:2)
  2 giant cockroaches
  3 hobgoblins
  2 bats (D:1)
  2 frilled lizards (D:2)
  7 goblins
  4 kobolds
  5 rats
30 creatures vanquished.

Notes
Turn   | Place    | Note
-------+----------+-------------------------------------------
     0 | D:1      | DildoBatman the Formicid Wizard began the quest for the
                  | Orb.
     0 | D:1      | Reached XP level 1. HP: 13/13 MP: 4/4
    11 | D:1      | Reached skill level 1 in Conjurations
   180 | D:1      | Reached XP level 2. HP: 19/19 MP: 3/6
   809 | D:2      | Reached XP level 3. HP: 22/24 MP: 0/7
   814 | D:2      | Learned a level 3 spell: Conjure Flame
   818 | D:2      | Learned a level 3 spell: Mephitic Cloud
   989 | D:2      | You fall through a shaft for 2 floors!
  1042 | D:4      | Noticed Menkaure
  1056 | D:4      | Noticed Eustachio
  1087 | D:4      | Found a shattered altar of Ashenzari.
  1119 | D:4      | Noticed Grinder
  1383 | D:3      | Reached XP level 4. HP: 22/30 MP: 1/8
  1431 | D:3      | Slain by a centaur zombie

Skill      XL: |  1  2  3 |
---------------+----------+-----
Conjurations   | 1 2 3 |  3.2
Dodging        | |  1.7
Stealth        | |  2.4
Spellcasting   | |  3.2
Summonings     | |  1.0
Translocations | |  0.8

Action                   |  1- 3 |  4- 6 || total
-------------------------+-------+-------++-------
Melee: Unarmed           |     4 |       ||     4
       Short sword       |    20 |       ||    20
       Club              |     1 |       ||     1
Throw: Stone             |     3 |       ||     3
 Cast: Magic Dart        |    70 |     1 ||    71
 Abil: Dig               |     1 |       ||     1
  Eat: Chunk             |     1 |     1 ||     2
Armor: Robe              |     4 |       ||     4
Dodge: Dodged            |    30 |     3 ||    33
